 Dungeon Crawl Stone Soup version 0.31-a0-435-g2c6fae2916 (webtiles) character file.

Game seed: 7919362083173223602

665 randomguy2701 the Covered (level 7, -6/61 HPs)
             Began as a Minotaur Fighter on Aug 2, 2023.
             Killed from afar by a steam dragon (23 damage)
             ... with a ball of steam
             ... on level 6 of the Dungeon.
             The game lasted 00:04:49 (4928 turns).

randomguy2701 the Covered (Minotaur Fighter)        Turns: 4928, Time: 00:04:51

Health: -6/61      AC:  8    Str: 20    XL:     7   Next: 31%
Magic:  6/6        EV: 10    Int:  5    God:
Gold:   228        SH:  5    Dex: 12    Spells: 6/6 levels left

rFire   . . .        s - +2 trident (protect)
rCold   . . .        c - +0 buckler
rNeg    . . .        b - +0 scale mail
rPois   .            (helmet restricted)
rElec   .            (no cloak)
rCorr   .            (no gloves)
SInv    .            u - +0 pair of boots
Will    .....        (no amulet) Stlth
                     (no ring)
HPRegen 0.30/turn    (no ring)
MPRegen 0.10/turn

%: no passive effects
@: no status effects
A: horns 2, retaliatory headbutt
a: no special abilities


You were on level 6 of the Dungeon.
You visited 1 branch of the dungeon, and saw 6 of its levels.

You collected 228 gold pieces.

Inventory:

Hand Weapons
 a - a +0 long sword
 s - a +2 trident of protection (weapon)
 w - a +0 spear
Armour
 b - a +0 scale mail (worn)
 c - a +0 buckler (worn)
 u - a +0 pair of boots (worn)
Jewellery
 y - a ring of poison resistance
Wands
 r - a wand of roots (5)
 x - a wand of light (6)
Scrolls
 f - 8 scrolls of identify {unknown}
 g - a scroll of fog {unknown}
 i - 2 scrolls of noise {unknown}
 k - a scroll of amnesia {unknown}
 l - a scroll of silence {unknown}
 m - 2 scrolls of poison {unknown}
 n - 2 scrolls of enchant armour {unknown}
 o - a scroll of teleportation {unknown}
 p - a scroll of vulnerability {unknown}
 t - a scroll of revelation {unknown}
Potions
 d - a potion of might
 e - a potion of heal wounds {unknown}
 h - a potion of degeneration {unknown}
 j - 3 potions of curing {unknown}
 q - a potion of attraction {unknown}
 v - a potion of lignification {unknown}
 z - a potion of magic {unknown}


   Skills:
 + Level 5.1 Fighting
 + Level 4.2 Long Blades
 + Level 4.0 Polearms
 + Level 5.9 Armour
 + Level 2.8 Dodging
 + Level 0.4 Stealth
 + Level 4.9 Shields


You had 6 spell levels left.
You didn't know any spells.
Your spell library contained the following spells:

 Spells                   Type           Power      Damage    Failure   Level
 Blink                    Tloc           0%         N/A       95%         2
 Cigotuvi's Dreadful Rot  Necr/Pois/Air  0%         N/A       95%         2
 Lesser Beckoning         Tloc           0%         N/A       95%         2
 Momentum Strike          Conj/Tloc      0%         3d8       95%         2
 Ignite Poison            Fire/Tmut/Pois 0%         N/A       99%         3
 Tukima's Dance           Hex            0%         N/A       99%         3
 Passage of Golubria      Tloc           0%         N/A       100%        4
 Freezing Cloud           Conj/Ice/Air   0%         6-21      100%        5
 Yara's Violent Unravell  Hex/Tmut       0%         3d3       100%        5


Dungeon Overview and Level Annotations

Branches:
Dungeon (6/15)
 Temple: D:4-7

Altars:
Vehumet

Shops:
D:3 (


Innate Abilities, Weirdness & Mutations

You have a pair of horns on your head.
You reflexively headbutt those who attack you in melee.


Message History

The hound is severely wounded.
The hound bites you.
You closely miss the hound. Your headbutt misses the hound.
The hound is severely wounded.
The hound bites you. x2
You closely miss the hound.
The hound is severely wounded.
The hound bites you but does no damage. x2
You barely miss the hound.
The hound is severely wounded.
The hound closely misses you.
You hit the hound.
Your weapon exudes an aura of protection.
You headbutt the hound.
You kill the hound!
Your Polearms skill increases to level 4!
No target in view!
No target in view!
No target in view!
No target in view!
No target in view!
No target in view!
No target in view!
No target in view!
No target in view!
HP restored.
A steam dragon comes into view.
Found a stone staircase leading down.
The steam dragon hisses angrily.
A steam dragon is nearby!
A steam dragon is nearby!
The steam dragon breathes steam at you. The ball of steam hits you!!
You hear a shout! x2
The steam dragon breathes steam at you. The ball of steam hits you!!
* * * LOW HITPOINT WARNING * * *
The steam dragon breathes steam at you. The ball of steam hits you!!
You die...

.>.. #..... ............. ....
#............##..........# #...#
#...#........# .........# #....#
#............#####.......>
##....###..............##.<......
#................................
#......§§#............##.......>.
##..##...#............#.........♣
#.......D§§@...............~
###..........<..............
#....##.#........#.......♣
####...####..##...###....##♣
#......# #.###..###...#....
#......####.......#..####..#
#.....##.##.........## #.#.
#....................# ##...
###......#.#........####....


There were no monsters in sight!

Vanquished Creatures
  A black bear (D:4)
  2 phantoms
  A scorpion (D:5)
  3 hounds
  A gnoll bouda (D:4)
  An iguana (D:2)
  A sleepcap (D:5)
  7 gnolls
  3 adders
  A white imp (D:5)
  2 ufetubi
  A worm (D:2)
  4 dart slugs
  6 orcs (D:4)
  3 ball pythons
  2 bats
  5 endoplasms
  5 giant cockroaches
  8 goblins
  8 hobgoblins
  6 kobolds
  5 quokkas
  2 frilled lizards (D:1)
  6 rats
84 creatures vanquished.

Notes
Turn   | Place    | Note
-------+----------+-------------------------------------------
     0 | D:1      | randomguy2701 the Minotaur Fighter began the quest for the
                  | Orb.
     0 | D:1      | Reached XP level 1. HP: 19/19 MP: 0/0
   163 | D:1      | Reached XP level 2. HP: 22/27 MP: 1/1
   224 | D:1      | Found a faded altar of an unknown god.
   584 | D:1      | Reached XP level 3. HP: 33/33 MP: 2/2
  1275 | D:2      | Reached XP level 4. HP: 8/40 MP: 3/3
  2166 | D:3      | Found Suxitow's Weapon Shoppe.
  2839 | D:4      | Reached XP level 5. HP: 33/47 MP: 4/4
  3348 | D:4      | Found a radiant altar of Vehumet.
  3592 | D:4      | Noticed a black bear
  3608 | D:4      | Killed a black bear
  3609 | D:4      | Reached skill level 1 in Polearms
  3609 | D:4      | Reached skill level 5 in Armour
  3609 | D:4      | Reached skill level 1 in Dodging
  3609 | D:4      | Reached XP level 6. HP: 17/55 MP: 5/5
  4268 | D:5      | Entered Level 5 of the Dungeon
  4292 | D:5      | Reached skill level 5 in Fighting
  4339 | D:5      | Reached XP level 7. HP: 61/61 MP: 6/6
  4918 | D:6      | Noticed a steam dragon
  4928 | D:6      | Killed from afar by a steam dragon

Illustrated notes

Levels and vault maps discovered:
D:1:      wheals_arrival_shading, layout_basic,
          hellmonk_ecumenical_altar_defaced_shrine
D:2:      layout_basic
D:3:      layout_loops_ring, serial_shops, nicolae_shop_rolling_square,
          serial_bayou_lagoon_b
D:4:      layout_basic, mainiacjoe_overflow_alcove_1, minmay_misc_feat_square
D:5:      layout_rooms
D:6:      layout_cave_pools, mainiacjoe_overflow_24_doors,
          minmay_temple_entry_ruins, serial_bayou_crossing

Skill      XL: |  1  2  3  4  5  6  7 |
---------------+----------------------+-----
Fighting       | 4 5 |  5.1
Armour         | 4 5 |  5.9
Shields        | 4 |  4.9
Long Blades    | 3 4 |  4.2
Polearms       | 1 3 4 |  4.0
Dodging        | 1 2 |  2.8
Stealth        | |  0.4

Action                     |  1- 3 |  4- 6 |  7- 9 || total
---------------------------+-------+-------+-------++-------
  Melee: Long sword        |    87 |    32 |       ||   119
         Headbutt          |    11 |    31 |     3 ||    45
         Spear             |       |   139 |       ||   139
         Trident           |       |    14 |    19 ||    33
 Armour: Scale mail        |    38 |    66 |    10 ||   114
  Dodge: Dodged            |    38 |    65 |     6 ||   109
  Block: Buckler           |    26 |    33 |     5 ||    64

Table legend: (Time is in decaauts)
 A = Elapsed time spent in this place.
 B = Non-inter-level travel time spent in this place.
 C = Inter-level travel time spent in this place.
 D = Time resting spent in this place.
 E = Time spent auto-exploring this place.
 F = Levels seen in this place.
 G = Mean time per level.
                   A        B        C        D        E       F      G
               +--------+--------+--------+--------+--------+-----+--------+
         Total |   5000 |   4722 |    278 |      0 |   4079 |   6 |  833.3 |
       Dungeon |   5000 |   4722 |    278 |      0 |   4079 |   6 |  833.3 |
               +--------+--------+--------+--------+--------+-----+--------+

Top non-repeatable levels by time:
     D:4: 1488 daAuts
     D:3: 991 daAuts
     D:2: 990 daAuts
     D:1: 864 daAuts
     D:5: 508 daAuts
     D:6: 155 daAuts
